Map: Ever Dream LE

Players

PartinG - Winner!

  • Race: Protoss Protoss
  • League: Grandmaster
  • Spawn Location: 7:00

Reynor

  • Race: Zerg Zerg
  • Spawn Location: 1:00

Event: Shopify TSL 5

VOD

Have the link to the VOD?

Description

Time

  • Played on: May 23, 2020, 9:15 a.m.
  • Length: 14:02

All games in this series

Show
View Real Time Build Order
Export as new Build Order

PartinG Protoss - Winner!

Build Orders: Oracle Opening 

Get SALT Encoding   

  12  0:01  Probe  
  13  0:13  Probe  
  14  0:17  Pylon  
  14  0:25  Probe  
  15  0:37  Forge, Probe  
  16  0:55  Pylon  
  16  0:59  Pylon  
  16  1:00  Pylon  
  16  1:13  Photon Cannon  
  16  1:17  Gateway  
  16  1:19  Pylon  
  16  1:25  Pylon  
  16  1:29  Probe  
  16  1:41  Probe (Chrono Boost)  
  16  1:45  Assimilator x2  
  17  1:53  Probe (Chrono Boost)  
  18  1:58  Probe (Chrono Boost)  
  19  2:03  Zealot (Chrono Boost)  
  19  2:08  Cybernetics Core, Probe  
  22  2:20  Photon Cannon  
  22  2:22  Zealot (Chrono Boost)  
  24  2:36  Probe  
  24  2:41  Photon Cannon  
  22  2:48  Probe  
  21  2:56  Pylon  
  21  2:58  Stargate  
  21  3:00  Probe  
  22  3:10  Gateway  
  22  3:15  Probe  
  23  3:26  Pylon  
  30  3:27  Warp Gate  
  23  3:32  Probe  
  24  3:38  Oracle (Chrono Boost)  
  24  3:44  Probe  
  28  3:57  Probe  
  28  3:58  Stalker  
  31  4:11  Oracle (Chrono Boost)  
  31  4:17  Probe  
  35  4:36  Stalker  
  37  4:40  Pylon  
  37  4:43  Oracle (Chrono Boost)  
  39  4:58  Probe  
  40  5:06  Nexus  
  40  5:09  Pylon  
  40  5:25  Pylon  
  40  5:26  Probe  
  41  5:31  Stalker  
  41  5:33  Gateway  
  41  5:34  Gateway  
  43  5:38  Probe  
  44  5:47  Twilight Council  
  44  5:50  Probe  
  44  5:56  Sentry  
  47  6:02  Probe  
  48  6:04  Forge  
  48  6:13  Shield Battery  
  48  6:14  Probe (Chrono Boost)  
  48  6:16  Blink (Chrono Boost)  
  49  6:22  Probe (Chrono Boost)  
  51  6:26  Probe (Chrono Boost)  
  51  6:32  Probe (Chrono Boost)  
  52  6:33  Probe (Chrono Boost)  
  52  6:35  Sentry  
  52  6:37  Probe (Chrono Boost)  
  56  6:40  Probe  
  57  6:48  Probe  
  57  6:49  Sentry  
  57  6:51  Assimilator  
  57  6:53  Probe, Assimilator  
  61  6:56  Sentry  
  61  7:00  Probe  
  64  7:07  Pylon  
  64  7:12  Probe  
  64  7:13  Probe  
  66  7:16  Nexus  
  66  7:20  Protoss Ground Weapons Level 1 (Chrono Boost), Pylon  
  66  7:26  Probe x2  
  68  7:31  Pylon  
  68  7:33  Robotics Facility  
  68  7:38  Pylon  
  68  7:40  Photon Cannon  
  68  7:41  Probe  
  68  7:43  Probe  
  70  7:54  Probe  
  70  7:55  Probe  
  72  7:59  Sentry x3  
  78  8:07  Probe  
  78  8:08  Probe  
  80  8:17  Gateway x2  
  80  8:18  Gateway  
  80  8:25  Stalker x2  
  84  8:27  Stalker  
  84  8:31  Probe x2  
  88  8:39  Robotics Bay  
  88  8:43  Gateway  
  88  8:44  Assimilator  
  88  8:48  Probe, Assimilator  
  89  8:49  Probe x2  
  89  8:51  Sentry  
  89  8:53  Pylon  
  93  8:58  Gateway  
  93  9:03  Pylon  
  92  9:11  Stalker x3  
  92  9:13  Protoss Ground Weapons Level 2 (Chrono Boost)  
  98  9:18  Probe x3  
  98  9:23  Pylon  
  101  9:34  Probe x3  
  104  9:39  Colossus (Chrono Boost)  
  104  9:41  Extended Thermal Lance (Chrono Boost)  
  110  9:50  Photon Cannon  
  110  9:54  Probe  
  110  9:55  Probe  
  110  9:58  Shield Battery  
  112  10:07  Pylon  
  112  10:09  Pylon  
  112  10:12  Colossus (Chrono Boost)  
  112  10:21  Stalker  
  112  10:22  Stalker x5  
  112  10:27  Stalker  
  112  10:28  Stalker  
  128  10:45  Pylon  
  128  10:47  Nexus  
  128  10:49  Colossus (Chrono Boost)  
  128  10:50  Pylon  
  128  11:00  Pylon  
  128  11:01  Stalker x3  
  140  11:06  Sentry x4  
  140  11:07  Sentry  
  150  11:15  Pylon  
  150  11:17  Photon Cannon, Pylon  
  150  11:19  Shield Battery  
  150  11:26  Stalker x2  
  150  11:27  Stalker  
  156  11:39  Protoss Ground Armor Level 1 (Chrono Boost)  
  157  11:40  Observer (Chrono Boost)  
  155  11:51  Stalker x5  
  159  12:02  Warp Prism (Chrono Boost)  
  159  12:04  Stalker x3  
  163  12:17  Sentry x2, Stalker x3  
  163  12:21  Probe x2  
  163  12:22  Probe x2  
  177  12:23  Unknown  
  177  12:31  Stalker x2  
  174  12:49  Observer, Stalker x3  
  181  12:54  Stalker x2  
  185  13:07  Stalker x3  
  191  13:15  Stalker x3  
  174  13:28  Stalker x2  
  174  13:32  Stalker x3  
  174  13:40  Stalker x3  
  168  13:53  Stalker x2  
  166  13:55  Stalker  
  166  13:56  Stalker x2  
Show
View Real Time Build Order
Export as new Build Order

Reynor Zerg 

Build Orders: Hatch First 

Get SALT Encoding   

  12  0:00  Drone  
  13  0:12  Overlord  
  13  0:17  Drone  
  14  0:30  Drone x2  
  16  0:47  Hatchery  
  15  0:51  Drone  
  15  0:55  Drone  
  17  0:58  Drone  
  18  1:20  Spawning Pool  
  17  1:27  Drone  
  18  1:38  Drone  
  18  1:39  Drone  
  20  2:06  Zergling x8  
  20  2:08  Spine Crawler  
  23  2:13  Spine Crawler  
  23  2:14  Zergling x2  
  23  2:17  Zergling x2  
  24  2:24  Zergling x2  
  24  2:29  Zergling x2  
  26  2:35  Zergling x2  
  27  2:42  Overlord  
  29  2:50  Extractor  
  26  2:57  Hatchery  
  25  3:01  Drone  
  25  3:02  Drone  
  27  3:06  Drone  
  27  3:12  Drone  
  29  3:24  Queen, Extractor  
  31  3:28  Overlord  
  31  3:33  Spore Crawler  
  30  3:47  Drone x2  
  32  3:55  Metabolic Boost  
  32  4:00  Queen  
  34  4:06  Drone x2  
  36  4:12  Drone  
  36  4:15  Drone  
  33  4:24  Queen, Drone  
  33  4:27  Drone, Spore Crawler  
  35  4:31  Drone  
  36  4:39  Queen  
  36  4:44  Overlord  
  37  5:01  Hatchery  
  37  5:03  Drone x4  
  40  5:08  Drone  
  40  5:09  Overlord  
  41  5:16  Queen  
  41  5:19  Zergling x2  
  43  5:22  Drone  
  43  5:27  Zergling x6  
  47  5:30  Drone  
  47  5:32  Overlord  
  48  5:37  Roach Warren  
  48  5:41  Zergling x4  
  49  5:43  Drone x2  
  51  5:51  Drone  
  51  5:52  Drone  
  51  5:56  Queen, Drone x2  
  57  5:57  Drone  
  57  6:02  Extractor, Drone x2  
  57  6:03  Extractor  
  58  6:05  Drone  
  58  6:06  Drone  
  60  6:11  Overlord  
  60  6:18  Drone x3  
  63  6:23  Drone x3  
  66  6:30  Drone x2  
  68  6:32  Spore Crawler  
  68  6:35  Roach x3  
  68  6:39  Spore Crawler  
  71  6:40  Roach  
  71  6:44  Spore Crawler  
  71  6:45  Overlord  
  73  6:48  Lair  
  73  6:52  Extractor  
  72  6:56  Drone  
  72  6:57  Overlord  
  73  7:04  Roach x4  
  81  7:11  Drone  
  81  7:12  Overlord x2  
  81  7:13  Evolution Chamber, Overlord  
  81  7:15  Drone  
  81  7:17  Drone x2  
  81  7:20  Drone x2  
  84  7:22  Drone  
  84  7:24  Drone  
  84  7:26  Drone  
  84  7:27  Drone  
  84  7:28  Drone  
  88  7:31  Drone  
  88  7:32  Drone  
  88  7:33  Drone  
  88  7:35  Drone  
  88  7:36  Drone  
  93  7:38  Drone  
  93  7:42  Zerg Missile Weapons Level 1  
  93  7:43  Extractor  
  93  7:44  Drone  
  94  7:47  Drone x3  
  94  7:49  Drone  
  98  7:51  Extractor  
  98  7:52  Pneumatized Carapace  
  98  7:53  Overseer  
  98  7:56  Glial Reconstitution  
  98  7:58  Drone x2  
  98  8:00  Drone  
  98  8:05  Zergling x10  
  102  8:12  Drone x2  
  104  8:14  Drone, Baneling Nest  
  104  8:15  Evolution Chamber  
  104  8:16  Overlord  
  103  8:23  Roach, Zergling x2, Ravager x2  
  103  8:24  Zergling x8  
  111  8:28  Ravager x2  
  111  8:31  Overlord  
  113  8:34  Overseer  
  113  8:38  Hatchery  
  113  8:39  Ravager  
  113  8:43  Zerg Melee Weapons Level 1  
  113  8:50  Drone  
  113  8:51  Drone x8  
  113  8:55  Spire  
  121  9:00  Zergling x2  
  121  9:02  Overlord  
  120  9:12  Drone x2, Centrifical Hooks  
  120  9:16  Overlord  
  119  9:17  Drone x4  
  120  9:25  Ravager  
  120  9:26  Ravager x3  
  120  9:28  Zergling x10  
  120  9:31  Overlord  
  129  9:37  Overlord, Hatchery  
  128  9:39  Zergling x16  
  128  9:41  Zerg Missile Weapons Level 2  
  128  9:44  Overseer  
  136  9:49  Overlord  
  136  9:51  Overseer  
  136  9:58  Zergling x20  
  146  10:00  Spore Crawler  
  145  10:08  Overlord  
  145  10:21  Corruptor x7  
  145  10:24  Zerg Flyer Weapons Level 1  
  145  10:27  Corruptor x2  
  163  10:31  Baneling x6  
  163  10:32  Baneling  
  163  10:33  Drone  
  163  10:34  Extractor, Drone  
  164  10:37  Drone x3  
  167  10:46  Overlord x2  
  167  10:47  Overlord  
  167  10:50  Zerg Melee Weapons Level 2  
  167  10:59  Roach x3  
  173  11:04  Drone  
  173  11:05  Spine Crawler, Spore Crawler  
  173  11:06  Drone x7, Spore Crawler  
  173  11:08  Drone  
  173  11:09  Baneling  
  173  11:10  Spine Crawler, Baneling x11  
  178  11:13  Zergling x8  
  178  11:18  Zergling x6, Infestation Pit  
  185  11:22  Zergling x8  
  183  11:28  Zergling x14  
  183  11:31  Overlord  
  190  11:33  Zergling x8  
  192  11:44  Baneling x14  
  192  11:45  Zergling x2  
  192  11:46  Zergling x12  
  193  11:55  Zergling x16  
  193  11:57  Hive  
  195  12:05  Zergling x22  
  195  12:06  Baneling x7  
  200  12:08  Baneling x2  
  200  12:09  Baneling  
  199  12:27  Zergling x4  
  188  12:41  Zergling x38  
  182  12:44  Roach, Zergling x10  
  182  12:48  Zergling x6  
  182  12:50  Baneling x10  
  187  12:52  Zergling x2  
  187  12:53  Baneling x3  
  187  12:54  Roach, Zergling x2  
  187  12:57  Zergling x2  
  192  13:03  Baneling x18  
  192  13:04  Zergling x2, Baneling x4  
  192  13:05  Zergling x12  
  192  13:10  Zergling x4  
  190  13:13  Baneling x15  
  190  13:14  Roach, Zergling x10  
  190  13:16  Baneling x10  
  191  13:26  Zergling x2  
  191  13:27  Zergling x20  
  172  13:30  Zergling x2  
  172  13:32  Roach, Zergling x2  
  156  13:38  Roach, Zergling x2  
  156  13:41  Baneling x15  
  144  13:44  Zergling x8  
Tags
 
Add a new tag
Caveats
  • Supply blocks, unpowered buildings, or Contaminate may cause inaccurate times.
  • Supply counts are checked every 10 seconds.